AoeStats
← paludoortiz

Arena

508939516Analyzed
2v2 RM · 7d ago on Sep 24, 2026· 53m 32s· 4 players
Game mode
Random Map
Map size
Medium (4 player)
Population
200
Speed
Normal
Resources
Standard
Victory
Conquest
Starting age
Dark Age
Ending age
Imperial Age
RankedLock teamsTeams togetherTeam positionsShared explorationLock speedFull tech treeHidden civsTurbo modeCheats
Victory
Defeat
🇺🇸 Lithuanians · United States
821
+8
🇺🇸 Franks · United States
807
+9
🇨🇭 Byzantines · Switzerland
691
-10
🇧🇷 Vikings · Brazil
573
-7
fabrice.vuilleumier.sh
11:00 Feudal Age
11:30 Double-Bit Axe
17:23 Castle Age
17:02 Horse Collar
18:44 Bow Saw
19:19 Wheelbarrow
25:58 Scale Barding Armor
26:04 Forging
27:03 Hand Cart
27:11 Gold Mining
31:07 Imperial Age
29:40 Husbandry
30:05 Chain Barding Armor
31:28 Heavy Camel Rider
35:14 Gold Shaft Mining
34:29 Stone Mining
36:33 Ballistics
36:19 Light Cavalry
37:37 Plate Barding Armor
38:18 Chemistry
39:52 Stone Shaft Mining
50:49 Pikeman
51:30 Squires
52:12 Onager
paludoortiz
7:10 Loom
16:06 Feudal Age
16:14 Loom
16:45 Horse Collar
16:59 Gold Mining
21:47 Castle Age
21:53 Castle Age
19:21 Man-at-Arms
19:48 Arson
20:10 Scale Mail Armor
20:21 Forging
23:49 Pikeman
23:54 Long Swordsman
27:29 Stone Mining
29:14 Gold Shaft Mining
29:35 Double-Bit Axe
37:34 Imperial Age
35:39 Caravan
37:20 Murder Holes
37:39 Fortified Wall
37:44 Masonry
37:31 Treadmill Crane
37:49 Town Watch
37:40 Elite Berserk
38:52 Chieftains
39:47 Hoardings
41:02 Chemistry
45:01 Elite Skirmisher
46:01 Light Cavalry
47:11 Cavalier
51:26 Two-Handed Swordsman
52:29 Chain Mail Armor
52:50 Iron Casting
52:21 Scale Barding Armor
XxAn0nym0us7xX
9:56 Feudal Age
16:00 Castle Age
13:53 Double-Bit Axe
17:33 Forging
17:28 Scale Barding Armor
17:36 Gold Mining
18:22 Horse Collar
21:23 Husbandry
24:38 Bloodlines
25:51 Heavy Plow
26:56 Stone Mining
30:49 Iron Casting
30:34 Chain Barding Armor
35:57 Imperial Age
34:45 Chain Barding Armor
36:01 Elite Leitis
40:09 Chemistry
39:30 Ballistics
39:05 Murder Holes
39:37 Tower Shields
40:31 Wheelbarrow
39:42 Town Watch
41:44 Fortified Wall
43:31 Thumb Ring
44:24 Elite Skirmisher
44:57 Fletching
45:08 Padded Archer Armor
45:45 Plate Barding Armor
46:21 Bodkin Arrow
47:43 Leather Archer Armor
XXsangerealXX 3
2:52 Loom
13:25 Feudal Age
17:52 Castle Age
16:46 Double-Bit Axe
17:41 Gold Mining
19:39 Bow Saw
21:38 Scale Barding Armor
23:04 Forging
24:39 Scale Mail Armor
25:14 Husbandry
29:52 Wheelbarrow
29:03 Town Watch
33:44 Imperial Age
32:39 Loom
33:20 Chain Barding Armor
33:35 Iron Casting
33:16 Chain Mail Armor
35:00 Ballistics
34:52 Fortified Wall
35:24 Cavalier
37:10 Chemistry
36:06 Murder Holes
37:06 Chivalry
36:57 Paladin
38:04 Capped Ram
Connection lost

Rejoining the realm…

Still unreachable

The connection could not be restored.

Session expired

The server has moved on; the page needs a fresh start.